 Dungeon Crawl Stone Soup version 0.29-a0-222-g5b244fca1f (console) character file.

Game seed: 16572226739904273847

165 CannotBeFrozen the Vexing (level 5, -2/40 HPs)
             Began as a Demigod Arcane Marksman on Feb 27, 2022.
             Slain by a white imp (5 damage)
             ... summoned by Eustachio
             ... on level 4 of the Dungeon.
             The game lasted 00:10:10 (3636 turns).

CannotBeFrozen the Vexing (Demigod Arcane Marksman) Turns: 3636, Time: 00:10:10

Health: -2/40      AC:  4    Str: 17    XL:     5   Next: 1%
Magic:  9/9        EV: 12    Int: 15    God:
Gold:   171        SH:  0    Dex: 18    Spells: 2/6 levels left

rFire   . . .      SeeInvis .   a - +0 shortbow (flame)
rCold   . . .      Faith    .   (shield currently unavailable)
rNeg    . . .      Spirit   .   g - +2 robe
rPois   +          Reflect  .   (no helmet)
rElec   .          Harm     .   (no cloak)
rCorr   .          Rampage  .   (no gloves)
Will    .....                   (no boots)
Stlth   ++........              (no amulet)
HPRegen 0.13/turn               d - +6 ring of strength
MPRegen 0.11/turn               f - ring of poison resistance

@: hasted, very quick
A: high MP 1, forlorn, divine attributes
a: no special abilities


You were on level 4 of the Dungeon.
You visited 1 branch of the dungeon, and saw 4 of its levels.

You collected 171 gold pieces.

Inventory:

Hand Weapons
 a - a +0 shortbow of flaming (weapon)
 i - a +2 hand axe of electrocution
Armour
 g - a +2 robe (worn)
Jewellery
 d - a +6 ring of strength (left hand)
 f - a ring of poison resistance (right hand)
Wands
 h - a wand of iceblast (13)
Scrolls
 c - 2 scrolls of magic mapping
Potions
 b - a potion of curing {@q1}
 k - 2 potions of flight {unknown}
 l - a potion of cancellation {unknown}
 m - a potion of mutation {unknown}


   Skills:
 - Level 1.0 Fighting
 - Level 3.0 Bows
 - Level 1.7 Dodging
 - Level 1.0 Spellcasting
 - Level 4.0 Hexes
 + Level 2.3 Fire Magic


You had 2 spell levels left.
You knew the following spells:

 Your Spells              Type           Power      Damage    Failure   Level
a - Slow                  Hex            48%        N/A       4%          1
b - Inner Flame           Hex/Fire       10%        N/A       21%         3

Your spell library contained the following spells:

 Spells                   Type           Power      Damage    Failure   Level
 Portal Projectile        Hex/Tloc       12%        N/A       32%         3
 Cause Fear               Hex            6%         N/A       43%         4
 Ozocubu's Armour         Ice            0%         N/A       58%         3
 Metabolic Englaciation   Hex/Ice        3%         N/A       96%         5
 Simulacrum               Ice/Necr       0%         N/A       100%        6


Dungeon Overview and Level Annotations

Branches:
Dungeon (4/15)
 Temple: D:4-7

Annotations:
D:2 1 runed translucent door, Crazy Yiuf
D:4 Eustachio


Innate Abilities, Weirdness & Mutations

You have an increased reservoir of magic. (+10% MP)
You shall have no god before yourself.
Your divine heritage dramatically boosts your attributes as you level up.


Message History

HP: 21/40 (-5) ======------ !
You shoot an arrow. The arrow closely misses Eustachio.
The arrow closely misses the river rat.
The arrow closely misses the crimson imp.
The crimson imp disappears in a puff of smoke!
Eustachio closely misses you. The white imp barely misses you.
The iron imp closely misses you.
You shoot an arrow. The arrow misses Eustachio.
The arrow hits the river rat but does no damage.
Eustachio mumbles some strange words.
The white imp barely misses you. The iron imp hits you.
* * * LOW HITPOINT WARNING * * *
HP: 16/40 (-5) ====-------- !
You are too injured to fight recklessly!
Okay, then.
You feel yourself speed up. Eustachio hits you with a +0 rapier.
* * * LOW HITPOINT WARNING * * *
The white imp completely misses you. The iron imp closely misses you.
HP: 13/40 (-3) ===--------- Shoot: a) +0 shortbow (flame)
Press: ? - help, Q - select action, (/) - cycle Shift-Dir - straight line, f/p - Eustachio
Aim: Eustachio, wielding a +0 rapier and wearing a +0 leather armour (moderately wounded, 51% to hit)
You shoot an arrow. The arrow hits Eustachio!
The arrow burns Eustachio.
Eustachio is heavily wounded.
Eustachio gestures wildly while chanting.
The white imp gestures at you. The puff of frost hits you.
* * * LOW HITPOINT WARNING * * *
HP: 9/40 (-4) ==---------- !
Shoot: a) +0 shortbow (flame)
Press: ? - help, Q - select action, (/) - cycle Shift-Dir - straight line, f/p - Eustachio
Aim: Eustachio, wielding a +0 rapier and wearing a +0 leather armour (heavily wounded, 51% to hit)
You shoot an arrow. The arrow hits Eustachio!
The arrow burns Eustachio.
Eustachio is almost dead.
Eustachio hits you with a +0 rapier.
* * * LOW HITPOINT WARNING * * *
The white imp hits you.
* * * LOW HITPOINT WARNING * * *
The white imp freezes you.
You die...

#.#.#..#.#...#.#
###.#.#..#.#####.#
#.....#..#.......##
.#####.#.........<.#
#..........#.....####
#########..#.###.#
...........#####.#
#########.#..55#.#
#.#.##@#.# ..#.##@#.#
.#.#.##r#..
.......r5### #.
#####..# #. #..# #..#
#..#


You could see Eustachio, an iron imp (summoned), a quasit (summoned), 2 river
rats and a white imp (summoned).

Vanquished Creatures
  Jessica (D:2)
  An orc wizard (D:2)
  A gnoll (D:1)
  3 adders
  A worm (D:2)
  3 dart slugs
  6 orcs
  3 endoplasms
  3 giant cockroaches (D:2)
  4 goblins
  4 hobgoblins
  4 jackals (D:1)
  5 kobolds
  7 quokkas
  5 ball pythons
  7 bats
  3 rats
61 creatures vanquished.

Vanquished Creatures (others)
  2 fungi (D:2)
  10 plants
12 creatures vanquished.

Grand Total: 73 creatures vanquished

Notes
Turn   | Place    | Note
-------+----------+-------------------------------------------
     0 | D:1      | CannotBeFrozen the Demigod Arcane Marksman began the quest
                  | for the Orb.
     0 | D:1      | Reached XP level 1. HP: 15/15 MP: 4/4
    29 | D:1      | Reached skill level 1 in Fighting
    87 | D:1      | Reached skill level 3 in Hexes
    87 | D:1      | Reached XP level 2. HP: 15/23 MP: 5/5
   533 | D:1      | Reached XP level 3. HP: 28/28 MP: 6/6
   753 | D:2      | Noticed Jessica
   756 | D:2      | Killed Jessica
   757 | D:2      | Reached skill level 4 in Hexes
  1228 | D:2      | Reached XP level 4. HP: 35/35 MP: 6/8
  1555 | D:2      | Learned a level 3 spell: Inner Flame
  1635 | D:2      | Reached skill level 1 in Fire Magic
  2270 | D:2      | Found a runed translucent door.
  2271 | D:2      | Noticed Crazy Yiuf
  3385 | D:3      | Reached XP level 5. HP: 40/40 MP: 9/9
  3614 | D:4      | Noticed Eustachio
  3636 | D:4      | Slain by a white imp

Illustrated notes

Levels and vault maps discovered:
D:1:      saegor_arrival_miasma, layout_rooms, serial_bayou_pond_b,
          minmay_pentomino_t4
D:2:      layout_loops_corners, shapermc_ecumenical_altar_hornbeckon,
          kennysheep_cross_bottleneck, uniq_crazy_yiuf_cottage, uniq_jessica
D:3:      layout_loops_ring, mainiacjoe_overflow_brackets, minmay_statues_item
D:4:      layout_basic, general_overflow_altar, minmay_temple_entry_waves,
          minmay_manual_mares, uniq_robin, uniq_eustachio

Skill      XL: |  1  2  3  4 |
---------------+-------------+-----
Bows           | 2 3 |  3.0
Fighting       | 1 |  1.0
Hexes          | 3 4 |  4.0
Fire Magic     | 2 |  2.3
Dodging        | |  1.7
Spellcasting   | |  1.0

Action                   |  1- 3 |  4- 6 || total
-------------------------+-------+-------++-------
Melee: Shortbow          |       |     1 ||     1
 Fire: Shortbow          |    80 |   110 ||   190
 Cast: Slow              |     4 |     3 ||     7
  Use: Scroll            |     1 |     6 ||     7
       Potion            |       |     1 ||     1
Armor: Robe              |     9 |    17 ||    26
Dodge: Dodged            |    41 |    42 ||    83

Table legend: (Time is in decaauts)
 A = Elapsed time spent in this place.
 B = Non-inter-level travel time spent in this place.
 C = Inter-level travel time spent in this place.
 D = Time resting spent in this place.
 E = Time spent auto-exploring this place.
 F = Levels seen in this place.
 G = Mean time per level.
                   A        B        C        D        E       F      G
               +--------+--------+--------+--------+--------+-----+--------+
         Total |   3719 |   3537 |    182 |    143 |   2654 |   4 |  929.8 |
       Dungeon |   3719 |   3537 |    182 |    143 |   2654 |   4 |  929.8 |
               +--------+--------+--------+--------+--------+-----+--------+

Top non-repeatable levels by time:
     D:2: 2074 daAuts
     D:3: 878 daAuts
     D:1: 684 daAuts
     D:4: 82 daAuts
